 Dungeon Crawl Stone Soup version 0.28.0-47-ge53b351184 (webtiles) character file.

Game seed: 1198836809895519134

506 101zpm the Magician (level 7, -9/45 HPs)
             Began as a Djinni Fire Elementalist on May 2, 2022.
             Killed by an exploding Eustachio (15 damage)
             ... ignited by their inner flame
             ... on level 5 of the Dungeon.
             The game lasted 00:05:43 (7091 turns).

101zpm the Magician (Djinni Fire Elementalist)      Turns: 7091, Time: 00:05:43

Health: -9/45      AC:  3    Str:  7    XL:     7   Next: 41%
Gold:   192        EV: 16    Int: 18    God:
                   SH:  0    Dex: 14

rFire   + + .      SeeInvis .   j - +1 falchion "Biless" {protect, Will+}
rCold   x . .      Faith    .   (no shield)
rNeg    . . .      Spirit   .   a - +0 robe
rPois   ∞          Reflect  .   (no helmet)
rElec   .          Harm     .   (no cloak)
rCorr   .          Rampage  .   h - +0 pair of gloves
Will    +....                   (boots unavailable)
Stlth   ++........              (no amulet)
HPRegen 0.15/turn               o - +4 ring of evasion
MPRegen 0.00/turn               (no ring)

@: flying
A: sickness immunity, fire resistance 2, cold vulnerability 1, float, innate
caster, HP casting, extra vitality 1
a: no special abilities


You were on level 5 of the Dungeon.
You visited 1 branch of the dungeon, and saw 5 of its levels.

You collected 192 gold pieces.

Inventory:

Hand Weapons
 j - the +1 falchion "Biless" (weapon) {protect, Will+}
   (You found it on level 2 of the Dungeon)

   It grants its wielder temporary protection when it strikes (+7 to AC).
   Will:      It increases your willpower.
Armour
 a - a +0 robe (worn)
 h - a +0 pair of gloves (worn)
Jewellery
 o - a +4 ring of evasion (left hand)
Wands
 m - a wand of charming (8)
 p - a wand of paralysis (12)
Scrolls
 b - 3 scrolls of vulnerability {unknown}
 c - 3 scrolls of amnesia {unknown}
 e - a scroll of silence {unknown}
 l - a scroll of teleportation {unknown}
 n - 2 scrolls of fog {unknown}
Potions
 d - a potion of might {unknown}
 f - 2 potions of curing {unknown}
 g - a potion of attraction {unknown}
 i - a potion of heal wounds {unknown}
 k - a potion of degeneration {unknown}


   Skills:
 + Level 2.3 Dodging
 + Level 2.8 Stealth
 + Level 0.2 Unarmed Combat
 + Level 5.7 Spellcasting


You couldn't memorise any spells.
You knew the following spells:

 Your Spells              Type           Power      Damage    Failure   Level
a - Foxfire               Conj/Fire      100%       2x1d9     1%          1
b - Scorch                Fire           50%        2d8       1%          2
c - Conjure Flame         Conj/Fire      25%        6-21      3%          3
d - Inner Flame           Hex/Fire       25%        N/A       3%          3
e - Flame Wave            Conj/Fire      25%        2d7       12%         4
f - Shock                 Conj/Air       100%       1d9       1%          1
g - Ensorcelled Hibernat  Hex/Ice        50%        N/A       1%          2
h - Ozocubu's Armour      Ice            25%        N/A       3%          3
Your spell library was empty.

Dungeon Overview and Level Annotations

Branches:
Dungeon (5/15)
 Temple: D:4-7

Altars:
Kikubaaqudgha
Sif Muna
Uskayaw


Innate Abilities, Weirdness & Mutations

You are immune to sickness and miasma.
You are immune to poison.
Your flesh is very heat resistant. (rF++)
You are vulnerable to cold. (rC-)
You float through the air rather than walking.
You learn spells naturally, not from books.
Your magical power is your life essence.
You have superior vitality. (+4 MHP)


Message History

Eustachio is moderately wounded.
The foxfire hits the shadow imp.
The shadow imp is almost dead.
Eustachio is engulfed in blazing flames.
Flame seeps out of Eustachio.
The shadow imp barely misses you.
Your magical contamination has completely faded away.
Casting: Scorch (safe; 1% risk of failure)
Confirm with . or Enter, or press ? or * to list all spells.
Flames lash the white imp.
The white imp is burned terribly!
You kill the white imp!
The white imp disappears in a puff of smoke!
Eustachio barely misses you. The shadow imp closely misses you.
Casting: Scorch (safe; 1% risk of failure)
Confirm with . or Enter, or press ? or * to list all spells.
Flames lash the shadow imp.
You kill the shadow imp!
The shadow imp disappears in a puff of smoke!
The quasit closely misses you. x3; Eustachio hits you with a +0 falchion.
The quasit bites you. The quasit barely misses you. x2
Casting: Scorch (safe; 1% risk of failure)
Confirm with . or Enter, or press ? or * to list all spells.
Flames lash the quasit.
The quasit resists.
The quasit is lightly wounded.
The quasit's fire resistance burns away.
Eustachio hits you with a +0 falchion!
* * * LOW HITPOINT WARNING * * *
The quasit closely misses you. The quasit completely misses you.
The quasit claws you.
* * * LOW HITPOINT WARNING * * *
Casting: Scorch (safe; 1% risk of failure)
Confirm with . or Enter, or press ? or * to list all spells.
Flames lash Eustachio.
Flame seeps out of Eustachio.
Eustachio is severely wounded.
Eustachio's fire resistance burns away.
* * * LOW HITPOINT WARNING * * *
Eustachio is engulfed in blazing flames.
The quasit disappears in a puff of smoke!
Eustachio explodes!
The fiery explosion engulfs you! You resist.
You die...

..(..... #..§..
#.....##... #.)#
.........# ..#
#........# ..#.≈.....≈
#........#
..#.≈.≈≈≈.≈.#........#
..#.≈≈...≈≈.#....§§..#
#.#.≈≈._.≈≈.#...§○§..#
#.#.≈≈...≈≈.#...@§§.)#
#.#.≈.≈≈≈.≈.#....##'##
#.#.≈.....≈.#....#
..#..≈≈≈≈≈..#....#
#.)#########.....###
###......#...........
##...#.#........###
#..............#
###.#..........#


There were no monsters in sight!

Vanquished Creatures
  Eustachio (D:5)
  A water moccasin (D:5)
  An ogre (D:5)
  An orc priest (D:3)
  A centaur skeleton (D:5)
  2 hounds
  A jelly (D:4)
  An iguana (D:5)
  A hound skeleton (D:4)
  3 gnolls (D:4)
  4 adders
  An adder skeleton (D:5)
  A worm (D:3)
  A dart slug (D:5)
  4 orcs
  7 endoplasms
  4 giant cockroaches
  5 goblins
  A hobgoblin (D:4)
  5 quokkas
  6 ball pythons
  7 bats
  4 frilled lizards
  4 kobolds
  6 rats
73 creatures vanquished.

Vanquished Creatures (others)
  583 foxfires
583 creatures vanquished.

Grand Total: 656 creatures vanquished

Notes
Turn   | Place    | Note
-------+----------+-------------------------------------------
     0 | D:1      | 101zpm the Djinni Fire Elementalist began the quest for the
                  | Orb.
     0 | D:1      | Reached XP level 1. HP: 15/15 MP: 0/0
  1075 | D:1      | Reached XP level 2. HP: 19/21 MP: 0/0
  1662 | D:1      | You are sucked into a shaft and drop 1 floor!
  2143 | D:2      | Reached skill level 3 in Spellcasting
  2143 | D:2      | Reached XP level 3. HP: 22/25 MP: 0/0
  2143 | D:2      | Learned a level 1 spell: Shock
  2773 | D:2      | Identified the +1 falchion "Biless" {protect, Will+}
  3516 | D:3      | Reached XP level 4. HP: 25/31 MP: 0/0
  3824 | D:3      | Found a hide-covered altar of Uskayaw.
  4519 | D:3      | Reached XP level 5. HP: 32/35 MP: 0/0
  4519 | D:3      | Learned a level 2 spell: Ensorcelled Hibernation
  4739 | D:3      | Reached skill level 4 in Spellcasting
  6000 | D:4      | Reached XP level 6. HP: 34/40 MP: 0/0
  6496 | D:5      | Entered Level 5 of the Dungeon
  6656 | D:5      | Reached skill level 5 in Spellcasting
  6759 | D:5      | Noticed an ogre
  6762 | D:5      | Killed an ogre
  6763 | D:5      | Reached XP level 7. HP: 36/45 MP: 0/0
  6763 | D:5      | Learned a level 3 spell: Ozocubu's Armour
  6945 | D:5      | Noticed a water moccasin
  6949 | D:5      | Killed a water moccasin
  7077 | D:5      | Noticed Eustachio
  7091 | D:5      | Killed Eustachio
  7091 | D:5      | Killed by an exploding Eustachio... ignited by their inner
                  | flame

Illustrated notes

Levels and vault maps discovered:
D:1:      sevenhm_arrival_forest_fort_large_3, layout_basic, st_stairs_7
D:2:      layout_loops_ring, basic_altar, minmay_misc_feat_four_crosses
D:3:      layout_basic, mainiacjoe_overflow_surrounded_room, minmay_puff
D:4:      layout_loops_cross
D:5:      layout_basic, mainiacjoe_overflow_paths,
          nicolae_overflow_hidden_temple, grunt_ministairs_9, uniq_eustachio

Skill      XL: |  1  2  3  4  5  6 |
---------------+-------------------+-----
Spellcasting   | 3 4 5 |  5.7
Stealth        | 2 |  2.8
Dodging        | |  2.3
Unarmed Combat | |  0.2

Action                   |  1- 3 |  4- 6 |  7- 9 || total
-------------------------+-------+-------+-------++-------
Melee: Unarmed           |       |     5 |       ||     5
 Cast: Foxfire           |   180 |   167 |    26 ||   373
       Scorch            |       |     7 |     6 ||    13
       Inner Flame       |       |     7 |     6 ||    13
Armor: Robe              |       |     1 |       ||     1
Dodge: Dodged            |       |     7 |    10 ||    17
